Map: Ruins of Seras

Players

HuK

  • Race: Protoss Protoss
  • League: Grandmaster

LiquidMaNa (MaNa) - Winner!

  • Race: Protoss Protoss
  • League: Grandmaster

Event: Homestory Cup XII

VOD

Have the link to the VOD?

Description

Time

  • Played on: Dec. 17, 2015, 10:46 a.m.
  • Length: 8:51

All games in this series

Show
View Real Time Build Order
Export as new Build Order

HuK Protoss 

Build Orders: Nexus First, Blink Stalkers 

Get SALT Encoding   

  12  0:00  Probe (Chrono Boost)  
  13  0:13  Probe (Chrono Boost)  
  14  0:19  Pylon  
  14  0:24  Probe (Chrono Boost)  
  15  0:37  Probe (Chrono Boost)  
  16  0:48  Probe (Chrono Boost)  
  17  0:59  Nexus  
  17  1:08  Gateway  
  17  1:12  Probe (Chrono Boost)  
  17  1:18  Assimilator  
  18  1:23  Probe (Chrono Boost)  
  19  1:25  Assimilator  
  19  1:33  Probe (Chrono Boost)  
  19  1:39  Gateway  
  20  1:44  Probe (Chrono Boost)  
  21  1:55  Cybernetics Core  
  21  1:57  Probe (Chrono Boost)  
  22  2:07  Probe (Chrono Boost)  
  23  2:15  Probe (Chrono Boost)  
  24  2:18  Probe (Chrono Boost)  
  25  2:25  Probe (Chrono Boost)  
  25  2:29  Mothership Core (Chrono Boost)  
  26  2:32  Adept (Chrono Boost)  
  26  2:34  Warp Gate  
  26  2:36  Probe  
  31  2:48  Probe (Chrono Boost)  
  31  2:49  Probe (Chrono Boost)  
  32  2:54  Twilight Council  
  32  2:59  Probe (Chrono Boost)  
  32  3:00  Probe (Chrono Boost)  
  32  3:02  Pylon  
  34  3:09  Probe (Chrono Boost)  
  34  3:11  Probe (Chrono Boost)  
  36  3:14  Stalker (Chrono Boost)  
  38  3:20  Stalker (Chrono Boost), Probe  
  38  3:21  Probe  
  42  3:33  Probe x2 (Chrono Boost), Blink  
  44  3:45  Probe (Chrono Boost)  
  46  3:51  Robotics Facility  
  46  3:55  Pylon  
  45  3:56  Probe (Chrono Boost)  
  46  4:07  Assimilator  
  46  4:09  Assimilator  
  46  4:13  Probe (Chrono Boost)  
  46  4:15  Probe (Chrono Boost)  
  47  4:24  Probe (Chrono Boost)  
  47  4:25  Gateway  
  47  4:26  Gateway  
  47  4:29  Probe (Chrono Boost)  
  48  4:34  Probe (Chrono Boost)  
  48  4:36  Gateway  
  49  4:39  Observer  
  49  4:41  Sentry, Probe (Chrono Boost)  
  49  4:44  Pylon  
  53  4:47  Pylon  
  53  4:49  Probe (Chrono Boost)  
  54  5:01  Nexus  
  54  5:03  Pylon  
  56  5:09  Stalker x2  
  58  5:14  Immortal (Chrono Boost)  
  58  5:16  Probe  
  58  5:17  Probe  
  64  5:25  Forge  
  64  5:31  Probe  
  64  5:34  Sentry, Pylon  
  68  5:35  Probe  
  68  5:39  Dark Shrine  
  68  5:42  Probe  
  68  5:44  Stalker  
  68  5:47  Probe  
  68  5:49  Warp Prism (Chrono Boost)  
  72  5:54  Probe  
  75  6:05  Stalker x2  
  75  6:06  Stalker  
  75  6:11  Probe (Chrono Boost)  
  80  6:23  Mothership Core (Chrono Boost)  
  78  6:26  Stalker x2  
  78  6:31  Stalker x2  
  77  6:41  Probe (Chrono Boost)  
  77  6:45  Stalker  
  73  6:56  Probe (Chrono Boost), Warp Prism (Chrono Boost)  
  76  7:02  Stalker x3, Probe (Chrono Boost)  
  76  7:03  Stalker, Probe (Chrono Boost)  
  82  7:10  Dark Templar  
  82  7:12  Probe  
  82  7:14  Probe  
  82  7:15  Probe  
  73  7:24  Probe  
  73  7:26  Mothership Core  
  73  7:29  Dark Templar  
  64  7:32  Dark Templar  
  64  7:37  Probe x2  
  60  7:40  Adept x2  
  59  7:47  Probe  
  59  7:49  Probe  
  59  7:50  Probe  
  36  7:59  Probe  
  36  8:01  Probe  
  36  8:04  Adept x3  
  42  8:12  Probe  
  36  8:13  Probe  
  35  8:25  Probe  
  33  8:30  Adept  
  33  8:31  Adept  
Show
View Real Time Build Order
Export as new Build Order

LiquidMaNa Protoss - Winner!

Build Orders: 1 Gate Expand, Blink Stalkers 

Get SALT Encoding   

  12  0:00  Probe (Chrono Boost)  
  13  0:11  Probe (Chrono Boost)  
  14  0:18  Pylon  
  14  0:22  Probe (Chrono Boost)  
  15  0:36  Probe (Chrono Boost), Gateway  
  16  0:47  Probe (Chrono Boost)  
  17  1:08  Nexus  
  18  1:11  Probe (Chrono Boost)  
  18  1:16  Assimilator  
  18  1:26  Cybernetics Core  
  18  1:29  Probe (Chrono Boost)  
  19  1:35  Assimilator  
  19  1:40  Probe (Chrono Boost)  
  19  1:46  Pylon  
  20  1:50  Probe (Chrono Boost)  
  22  2:01  Probe (Chrono Boost)  
  22  2:02  Warp Gate  
  22  2:07  Stalker  
  24  2:12  Probe (Chrono Boost)  
  25  2:20  Probe (Chrono Boost)  
  27  2:27  Mothership Core (Chrono Boost)  
  28  2:31  Probe (Chrono Boost)  
  29  2:37  Stalker  
  29  2:41  Probe (Chrono Boost)  
  32  2:45  Probe (Chrono Boost)  
  33  2:52  Probe (Chrono Boost)  
  33  2:54  Twilight Council  
  33  2:57  Probe (Chrono Boost)  
  35  3:03  Probe (Chrono Boost)  
  36  3:07  Adept  
  38  3:14  Probe x2 (Chrono Boost)  
  40  3:25  Probe (Chrono Boost)  
  40  3:26  Blink (Chrono Boost)  
  41  3:33  Probe, Pylon  
  41  3:34  Assimilator  
  41  3:36  Probe  
  43  3:43  Probe  
  44  3:50  Pylon  
  44  3:52  Robotics Facility  
  44  3:54  Probe  
  44  3:56  Probe  
  46  4:05  Stalker, Probe  
  46  4:08  Probe  
  49  4:11  Gateway  
  49  4:13  Gateway  
  49  4:17  Probe  
  49  4:20  Pylon  
  49  4:22  Probe  
  50  4:28  Probe  
  50  4:29  Sentry  
  53  4:34  Probe, Assimilator  
  54  4:39  Observer (Chrono Boost)  
  54  4:40  Probe  
  54  4:44  Forge  
  56  4:46  Probe  
  56  4:49  Pylon  
  56  4:52  Probe  
  58  4:55  Stalker  
  58  4:58  Probe, Observer (Chrono Boost)  
  62  5:05  Pylon  
  62  5:08  Stalker x2  
  62  5:10  Probe x2 (Chrono Boost)  
  68  5:20  Protoss Ground Weapons Level 1 (Chrono Boost)  
  68  5:22  Probe (Chrono Boost)  
  68  5:27  Gateway x2  
  69  5:30  Gateway  
  69  5:35  Probe  
  69  5:36  Probe  
  69  5:42  Stalker x2  
  75  5:45  Stalker  
  77  5:50  Warp Prism  
  78  6:01  Pylon  
  78  6:06  Stalker x2  
  82  6:19  Stalker  
  84  6:40  Immortal  
  84  6:46  Stalker x3  
  94  6:53  Pylon  
  94  6:54  Nexus  
  92  6:55  Pylon  
  92  6:58  Pylon  
  89  7:05  Stalker x2  
  93  7:10  Probe  
  92  7:19  Stalker x4  
  100  7:27  Probe  
  100  7:29  Probe  
  100  7:46  Observer (Chrono Boost)  
  97  7:55  Stalker x3  
  97  7:56  Stalker x2  
  105  8:00  Probe  
  105  8:02  Probe  
  105  8:05  Observer (Chrono Boost)  
  106  8:14  Photon Cannon x2  
  106  8:15  Photon Cannon  
  106  8:25  Stalker  
  106  8:26  Stalker x5  
  117  8:28  Probe  
  117  8:30  Probe  
Tags
 
Add a new tag
Caveats
  • Supply blocks, unpowered buildings, or Contaminate may cause inaccurate times.
  • Supply counts are checked every 10 seconds.